 Dungeon Crawl Stone Soup version 0.24-a0-277-g67e6301 (console) character file.

Game seed: 15188436685188850241

1805 swinepaste the Tainter (level 9, -5/51 HPs)
             Began as an Octopode Venom Mage on Apr 28, 2019.
             Slain by Harold
             ... wielding a +0 scimitar
              (13 damage)
             ... on level 7 of the Dungeon.
             The game lasted 00:20:02 (6813 turns).

swinepaste the Tainter (Octopode Venom Mage)        Turns: 6813, Time: 00:20:02

Health: -5/51      AC:  1    Str:  7    XL:     9   Next: 9%
Magic:  3/17       EV: 16    Int: 21    God:
Gold:   212        SH:  0    Dex: 12    Spells: 3/18 levels left

rFire    . . .     SeeInvis .   a - +2 dagger (speed)
rCold    . . .     Gourm    .   (no shield)
rNeg     . . .     Faith    .   (helmet restricted)
rPois    .         Spirit   .   (no amulet)
rElec    .         Reflect  .   k - ring of resist corrosion
rCorr    +         Harm     .   q - +3 ring of evasion
MR       .....                  (no ring)
Stlth    +++.......             (no ring)
HPRegen  0.17/turn              (no ring)
MPRegen  0.15/turn              (no ring)
                                (no ring)
                                (no ring)

@: very slightly contaminated
A: almost no armour, stealthy swim, amphibious, 8 rings, constrict 8, camouflage
1, gelatinous body 1
a: no special abilities


You were on level 7 of the Dungeon.
You were hungry.

You visited 1 branch of the dungeon, and saw 7 of its levels.

You collected 212 gold pieces.

Inventory:

Hand Weapons
 a - a +2 dagger of speed (weapon)
 b - a +1 quarterstaff
Jewellery
 k - a ring of resist corrosion (left tentacle)
 q - a +3 ring of evasion (right tentacle)
Scrolls
 c - a scroll of enchant armour
 d - a scroll of blinking
 f - 6 scrolls of identify
Potions
 e - a potion of curing
 h - 3 potions of lignification
 i - a potion of haste {unknown}
 l - a potion of might {unknown}
 m - 2 potions of brilliance {unknown}
 n - a potion of berserk rage {unknown}
 o - a potion of agility {unknown}
 t - a potion of degeneration {unknown}
Comestibles
 j - 12 rations


   Skills:
 - Level 2.0 Dodging
 - Level 2.6 Stealth
 + Level 5.4 Spellcasting
 + Level 5.6 Conjurations
 - Level 4.0 Air Magic
 + Level 9.3 Poison Magic


You had 3 spell levels left.
You knew the following spells:

 Your Spells              Type           Power        Failure   Level  Hunger
q - Mephitic Cloud        Conj/Pois/Air  ####....     2%          3    ##.....
t - Sting                 Conj/Pois      ####         1%          1    None
v - Venom Bolt            Conj/Pois      #####.....   14%         5    #####..
w - Poisonous Vapours     Pois/Air       ####..       1%          2    None
R - Olgreb's Toxic Radia  Pois           #####...     2%          4    ####...

Your spell library contained the following spells:

 Spells                   Type           Power        Failure   Level  Hunger


Dungeon Overview and Level Annotations

Branches:
Dungeon (7/15)
 Temple: D:4-7

Altars:
Cheibriados
Fedhas
Gozag
Nemelex Xobeh
Okawaru
Qazlal
Trog
Wu Jian
Xom
Zin

Annotations:
D:4 Edmund, Eustachio
D:7 Harold


Innate Abilities, Weirdness & Mutations

You cannot wear most types of armour.
You are very stealthy in the water. (Stealth+)
You are amphibious.
You can wear up to eight rings at the same time.
You can use your tentacles to constrict eight enemies at once.
Your skin changes colour to match your surroundings (Stealth+).
Your rubbery body absorbs attacks. (AC +1, EV +1)


Message History

Unknown command.
Press: ? - help, v - describe, . - travel
Here: Harold, wielding a +0 scimitar and wearing a +2 scale mail of magic resistance (almost dead, poisoned)
The floor.
Unknown command.
Harold hits you with a +0 scimitar!
* * * LOW HITPOINT WARNING * * *
Casting: Mephitic Cloud (safe; 2% risk of failure)
Confirm with . or Enter, or press ? or * to list all spells.
Aiming: Mephitic Cloud (safe; 2% risk of failure)
Press: ? - help, Shift-Dir - straight line, f/p - Harold
Aim: Harold, wielding a +0 scimitar and wearing a +2 scale mail of magic resistance (almost dead, poisoned)
The ball explodes into a vile cloud!
The stinking cloud engulfs Harold but does no damage.
Harold is almost dead.
You hear a shout!
Harold is engulfed in noxious fumes.
Harold appears confused.
Unknown command.
Harold hits you with a +0 scimitar!
You die...

#.....#####
##.)..## ##..##.#
##.<.##☼###
#....##°..#
........####.#.##
........# ##....#
......#####@##.##
...... #x.# #.#
...... #.## .#
..... ..# . ....¢
#.## # #. .. ###


You could see Harold (confused).

Vanquished Creatures
  Sigmund (D:5)
  Menkaure (D:7)
  An orc warrior (D:5)
  A sky beast (D:5)
  6 ogres
  2 centaurs
  A bullfrog (D:6)
  2 howler monkeys
  2 crimson imps (D:5)
  2 hounds
  3 orc wizards
  2 orc priests
  2 bullfrog skeletons (D:5)
  A centaur skeleton (D:4)
  An iguana (D:6)
  A worker ant zombie (D:5)
  A howler monkey zombie (D:5)
  7 adders
  2 adder skeletons (D:5)
  A worm (D:2)
  A dart slug (D:5)
  7 leopard geckos
  18 orcs
  2 ball pythons (D:4)
  6 giant cockroaches
  7 goblins
  4 hobgoblins
  4 jackals
  3 kobolds (D:1)
  4 quokkas
  5 bats (D:1)
  3 frilled lizards
  A jackal skeleton (D:4)
  A leopard gecko skeleton (D:4)
  A quokka skeleton (D:4)
  3 rats
110 creatures vanquished.

Notes
Turn   | Place    | Note
-------+----------+-------------------------------------------
     0 | D:1      | swinepaste the Octopode Venom Mage began the quest for the
                  | Orb.
     0 | D:1      | Reached XP level 1. HP: 11/11 MP: 3/3
   154 | D:1      | Reached skill level 4 in Poison Magic
   154 | D:1      | Reached XP level 2. HP: 17/17 MP: 3/5
   158 | D:1      | Learned a level 2 spell: Poisonous Vapours
   771 | D:2      | Reached XP level 3. HP: 21/21 MP: 3/6
  1148 | D:2      | Found a snail-covered altar of Cheibriados.
  1420 | D:2      | Reached skill level 1 in Air Magic
  1463 | D:2      | Noticed an angel
  1464 | D:2      | Found a glowing silver altar of Zin.
  1739 | D:3      | Reached XP level 4. HP: 27/27 MP: 4/7
  1749 | D:3      | Learned a level 3 spell: Mephitic Cloud
  2050 | D:4      | Noticed an ogre
  2063 | D:4      | Killed an ogre
  2063 | D:4      | Reached skill level 5 in Poison Magic
  2063 | D:4      | Reached XP level 5. HP: 31/31 MP: 2/9
  2505 | D:4      | Noticed Edmund
  2516 | D:4      | Found a bloodstained altar of Trog.
  2533 | D:4      | Noticed Eustachio
  2534 | D:4      | Found a sparkling altar of Nemelex Xobeh.
  2558 | D:4      | Reached XP level 6. HP: 17/36 MP: 7/10
  2840 | D:4      | Reached skill level 6 in Poison Magic
  3073 | D:4      | Learned a level 4 spell: Olgreb's Toxic Radiance
  3188 | D:4      | Reached XP level 7. HP: 41/41 MP: 6/12
  3283 | D:4      | Found a stormy altar of Qazlal.
  3512 | D:5      | Entered Level 5 of the Dungeon
  3901 | D:5      | Reached skill level 7 in Poison Magic
  4052 | D:5      | Found a shimmering altar of Xom.
  4132 | D:5      | Noticed Sigmund
  4145 | D:5      | Reached XP level 8. HP: 46/46 MP: 2/14
  4151 | D:5      | Paralysed by something for 6 turns
  4332 | D:5      | Killed Sigmund
  4493 | D:5      | Reached skill level 8 in Poison Magic
  4636 | D:5      | Learned a level 5 spell: Venom Bolt
  4816 | D:5      | Found a blossoming altar of Fedhas.
  5361 | D:6      | Found an opulent altar of Gozag.
  5371 | D:6      | Found an ornate altar of the Wu Jian Council.
  5546 | D:6      | Found an iron altar of Okawaru.
  5747 | D:7      | Reached skill level 5 in Conjurations
  5748 | D:7      | Noticed Menkaure
  5753 | D:7      | Reached skill level 5 in Spellcasting
  5753 | D:7      | Reached skill level 9 in Poison Magic
  6357 | D:7      | Noticed Harold
  6631 | D:7      | Killed Menkaure
  6631 | D:7      | Reached XP level 9. HP: 51/51 MP: 16/16
  6813 | D:7      | Slain by Harold

Levels and vault maps discovered:
D:1:      dpeg_arrival_snail, layout_basic
D:2:      layout_loops_corners, nicolae_overflow_hidden_temple, zin_angel
D:3:      layout_basic, first_ration
D:4:      layout_loops_corners, nicolae_qazlal_eye_of_the_storm,
          overflow_temple_1_default, nemelex_xobeh_ov_fountains_minmay,
          uniq_eustachio, uniq_edmund
D:5:      layout_rooms, fedhas_bush_and_centaur_altar, marbit_many_paths,
          uniq_sigmund
D:6:      layout_cave_pools, okawaru_altar_gauntlet_db, minitemple
D:7:      layout_rooms, nicolae_overflow_crystal_walls,
          minmay_temple_entry_trees, grunt_ogre_cave, uniq_menkaure, uniq_harold

Skill      XL: |  1  2  3  4  5  6  7  8 |
---------------+-------------------------+-----
Poison Magic   | 4 5 6 7 9 |  9.3
Air Magic      | 1 2 3 4 |  4.0
Conjurations   | 2 3 5 |  5.6
Spellcasting   | 3 4 5 |  5.4
Dodging        | |  2.0
Stealth        | |  2.6

Action                   |  1- 3 |  4- 6 |  7- 9 || total
-------------------------+-------+-------+-------++-------
Melee: Unarmed           |     4 |       |       ||     4
       Dagger            |    25 |    34 |   123 ||   182
       Constrict         |     9 |     5 |    22 ||    36
       Tentacles         |     2 |     6 |    24 ||    32
       Quarterstaff      |       |       |    23 ||    23
 Cast: Sting             |    38 |    19 |    51 ||   108
       Poisonous Vapours |     4 |    14 |    24 ||    42
       Mephitic Cloud    |       |     1 |    11 ||    12
       Olgreb's Toxic Ra |       |       |     9 ||     9
       Venom Bolt        |       |       |     1 ||     1
Evoke: Wand              |       |       |     2 ||     2
  Use: Scroll            |       |       |     9 ||     9
       Potion            |       |       |     3 ||     3
 Stab: Confused          |       |       |     2 ||     2
       Sleeping          |       |       |     1 ||     1
  Eat: Chunk             |     3 |     5 |    10 ||    18
       Ration            |       |       |     1 ||     1
Armor: Skin              |     2 |     2 |    14 ||    18
Dodge: Dodged            |    25 |    21 |    95 ||   141

Table legend:
 A = Non-vault XP
 B = Vault XP
 C = Vault XP percentage of total XP
 D = Non-vault monster count
 E = Vault monster count
 F = Vault count percentage of total count
                 A         B        C        D         E       F
            +---------+---------+-------+---------+---------+-------
      Total |    2104 |     475 |  18.4 |     100 |      10 |   9.1
            +---------+---------+-------+---------+---------+-------
        D:1 |      32 |       0 |   0.0 |      19 |       0 |   0.0
        D:2 |      47 |       0 |   0.0 |      11 |       0 |   0.0
        D:3 |      55 |       0 |   0.0 |       8 |       0 |   0.0
        D:4 |     512 |       0 |   0.0 |      17 |       0 |   0.0
        D:5 |     840 |     306 |  26.7 |      29 |       3 |   9.4
        D:6 |     178 |      15 |   7.8 |       7 |       6 |  46.2
        D:7 |     440 |     154 |  25.9 |       9 |       1 |  10.0
            +---------+---------+-------+---------+---------+-------
